 Dungeon Crawl Stone Soup version 0.25.1-2-g60ff931df9 (webtiles) character file.

Game seed: 490624792404987206

125 DoubleLucky the Grave Robber (level 4, -2/30 HPs)
             Began as a Vampire Necromancer on Sept 29, 2020.
             Slain by a river rat (3 damage)
             ... summoned by Eustachio
             ... on level 4 of the Dungeon.
             The game lasted 00:10:30 (1653 turns).

DoubleLucky the Grave Robber (Vampire Necromancer)  Turns: 1653, Time: 00:10:31

Health: -2/30      AC:  3    Str:  7      XL:     4   Next: 82%
Magic:  5/8        EV: 12    Int: 18      God:
Gold:   59         SH:  0    Dex: 12 (14) Spells: 6/8 levels left

rFire    . . .     SeeInvis +   c - +0 dagger
rCold    . . .     Gourm    .   (no shield)
rNeg     . . .     Faith    .   g - +0 leather armour
rPois    .         Spirit   .   (no helmet)
rElec    .         Reflect  .   (no cloak)
rCorr    .         Harm     .   (no gloves)
MR       .....                  (no boots)
Stlth    ++........             (no amulet)
HPRegen  0.30/turn              (no ring)
MPRegen  0.11/turn              (no ring)

@: regenerating quickly
A: no food, fangs 3, see invisible, unbreathing
a: Exsanguinate


You were on level 4 of the Dungeon.
You were alive.

You visited 1 branch of the dungeon, and saw 3 of its levels.

You collected 59 gold pieces.

Inventory:

Hand Weapons
 c - a +0 dagger (weapon)
Armour
 a - a +0 robe
 g - a +0 leather armour (worn)
Scrolls
 b - 4 scrolls of remove curse {unknown}
 d - a scroll of amnesia {unknown}
Potions
 e - a potion of might {unknown}
 f - a potion of degeneration {unknown}


   Skills:
 + Level 1.8 Short Blades
 + Level 3.1 Dodging
 + Level 4.3 Stealth
 + Level 2.6 Spellcasting
 + Level 5.1 Necromancy


You had 6 spell levels left.
You knew the following spells:

 Your Spells              Type           Power        Failure   Level  Hunger
a - Pain                  Necr           ###.         3%          1    N/A
b - Animate Skeleton      Necr           N/A          3%          1    N/A

Your spell library contained the following spells:

 Spells                   Type           Power        Failure   Level  Hunger
 Vampiric Draining        Necr           ###.......   9%          3    N/A
 Animate Dead             Necr           N/A          30%         4    N/A
 Agony                    Necr           ###.....     63%         5    N/A

Dungeon Overview and Level Annotations

Branches:
Dungeon (2/15)

Altars:

Annotations:
D:4 Eustachio


Innate Abilities, Weirdness & Mutations

You do not eat.
Your natural rate of healing is unusually fast.
You have razor-sharp teeth.
You have supernaturally acute eyesight. (SInv)
You can survive without breathing.


Message History

* * * LOW HITPOINT WARNING * * *
The quokka barely misses you.
Casting: Pain (safe; 3% risk of failure)
Confirm with . or Enter, or press ? or * to list all spells.
Aiming: Pain (safe; 3% risk of failure)
Press: ? - help, Shift-Dir - straight line, f/p - river rat
Aim: a river rat (lightly wounded, summoned, chance to defeat MR: 86%)
The river rat barely resists.
The quokka barely misses you. The river rat bites you.
* * * LOW HITPOINT WARNING * * *
The river rat bites you but does no damage.
Casting: Pain (safe; 3% risk of failure)
Confirm with . or Enter, or press ? or * to list all spells.
Aiming: Pain (safe; 3% risk of failure)
Press: ? - help, Shift-Dir - straight line, f - Eustachio, p - river rat
Aim: Eustachio, wielding a +0 falchion and wearing a +0 leather armour (lightly wounded, chance to defeat MR: 80%)
The river rat barely resists.
The quokka bites you but does no damage.
The river rat bites you.
You die...

..### #...## #.....
#.....
#############.....
#@r@..............
#rr.......###.....
#r................
#.........ยง##.....
#......[..#######.
#.........# ##
#.........# #
###########


You could see Eustachio, 2 river rats, a quokka (summoned) and a rat (summoned).

Vanquished Creatures
  A centaur skeleton (D:4)
  2 worker ants (D:4)
  2 adders (D:4)
  2 dart slugs (D:1)
  A leopard gecko (D:4)
  An orc (D:4)
  5 bats (D:1)
  4 goblins (D:1)
  3 hobgoblins (D:1)
  2 jackals (D:2)
  3 kobolds (D:1)
  A frilled lizard (D:1)
  2 rats (D:1)
29 creatures vanquished.

Notes
Turn   | Place    | Note
-------+----------+-------------------------------------------
     0 | D:1      | DoubleLucky the Vampire Necromancer began the quest for the
                  | Orb.
     0 | D:1      | Reached XP level 1. HP: 13/13 MP: 3/3
   504 | D:1      | Reached XP level 2. HP: 12/19 MP: 0/5
  1264 | D:2      | You fall into a shaft and drop 2 floors!
  1270 | D:4      | Reached skill level 1 in Short Blades
  1270 | D:4      | Reached XP level 3. HP: 21/24 MP: 1/6
  1321 | D:4      | Learned a level 1 spell: Animate Skeleton
  1378 | D:4      | Reached skill level 5 in Necromancy
  1378 | D:4      | Reached XP level 4. HP: 23/30 MP: 1/7
  1546 | D:4      | Noticed Eustachio
  1652 | D:4      | HP: 1/30 [river rat[Eustachio] (1)]
  1653 | D:4      | Slain by a river rat

Illustrated notes

Levels and vault maps discovered:
D:1:      dpeg_arrival_three_smaller_balls, layout_loops_corners
D:2:      layout_rooms, chequers_ecumenical_altar_island, first_ration
D:4:      layout_rooms, old_standard_altar, uniq_edmund, uniq_natasha,
          uniq_eustachio

Skill      XL: |  1  2  3  4 |
---------------+-------------+-----
Short Blades   | 1 |  1.8
Necromancy     | 5 |  5.1
Stealth        | 4 |  4.3
Dodging        | 3 |  3.1
Spellcasting   | |  2.6

Action                   |  1- 3 |  4- 6 || total
-------------------------+-------+-------++-------
Melee: Dagger            |       |    22 ||    22
       Bite              |       |     2 ||     2
 Cast: Pain              |    47 |    19 ||    66
       Animate Skeleton  |     1 |     1 ||     2
Armor: Robe              |     1 |       ||     1
       Leather armour    |       |    23 ||    23
Dodge: Dodged            |     4 |    36 ||    40
